Map: Galactic Process LE

Players

Fropez

  • Race: Protoss Protoss
  • League: Gold
  • Spawn Location: 7:00

Javo - Winner!

  • Race: Protoss Protoss
  • League: Gold
  • Spawn Location: 1:00

VOD

Have the link to the VOD?

Description

Time

  • Played on: Sept. 27, 2016, 12:31 p.m.
  • Length: 4:24
Show
View Real Time Build Order
Export as new Build Order

Fropez Protoss 

Build Orders:  

Get SALT Encoding   

  12  0:04  Probe (Chrono Boost)  
  13  0:15  Pylon  
  14  0:27  Probe (Chrono Boost)  
  14  0:35  Gateway  
  14  0:37  Probe (Chrono Boost)  
  14  0:42  Assimilator  
  15  0:48  Probe (Chrono Boost)  
  16  0:56  Pylon  
  16  0:58  Probe (Chrono Boost)  
  17  1:09  Probe (Chrono Boost)  
  18  1:16  Gateway  
  18  1:19  Probe (Chrono Boost)  
  19  1:31  Probe (Chrono Boost)  
  20  1:35  Cybernetics Core  
  20  1:42  Probe (Chrono Boost)  
  21  1:52  Probe (Chrono Boost)  
  22  1:59  Assimilator  
  22  2:21  Nexus  
  22  2:22  Probe (Chrono Boost)  
  23  2:32  Probe (Chrono Boost)  
  23  2:36  Warp Gate (Chrono Boost)  
  24  2:44  Mothership Core  
  26  3:05  Probe  
  26  3:06  Adept x2  
  31  3:17  Pylon  
  31  3:26  Probe  
  31  3:33  Pylon  
  30  3:44  Adept  
  30  4:08  Assimilator  
  29  4:10  Assimilator  
Show
View Real Time Build Order
Export as new Build Order

Javo Protoss - Winner!

Build Orders:  

Get SALT Encoding   

  12  0:26  Pylon  
  12  0:29  Probe (Chrono Boost)  
  13  0:45  Gateway  
  13  0:49  Probe (Chrono Boost)  
  14  0:50  Forge  
  14  1:10  Assimilator  
  14  1:14  Assimilator  
  14  1:20  Pylon  
  14  1:29  Probe (Chrono Boost)  
  16  1:40  Probe (Chrono Boost), Photon Cannon  
  16  1:44  Photon Cannon  
  16  1:56  Pylon  
  16  2:00  Probe (Chrono Boost)  
  17  2:11  Probe (Chrono Boost)  
  18  2:18  Photon Cannon  
  18  2:21  Probe (Chrono Boost)  
  18  2:22  Pylon  
  19  2:40  Photon Cannon  
  19  2:50  Photon Cannon  
  18  3:00  Zealot (Chrono Boost)  
  20  3:10  Probe  
  21  3:26  Pylon  
  21  3:30  Cybernetics Core  
  21  3:34  Pylon  
  21  3:46  Photon Cannon  
  21  3:47  Photon Cannon  
  21  3:57  Pylon  
  21  4:06  Photon Cannon  
  21  4:11  Pylon  
Tags
 
League
GoldGold
Matchup
PvP
Replay Pack
All Mines
Spawn Locations
Cross Positions
Add a new tag
Caveats
  • Supply blocks, unpowered buildings, or Contaminate may cause inaccurate times.
  • Supply counts are checked every 10 seconds.